 Dungeon Crawl Stone Soup version 0.17.0-28-g6e173f8 (webtiles) character file.

165 Ijustatesigmund the Conjurer (level 5, -1/35 HPs)
             Began as a Demonspawn Wizard on Nov 27, 2015.
             Killed by nerve-wracking pain
             ... invoked by Menkaure
              (8 damage)
             ... on level 4 of the Dungeon.
             The game lasted 00:10:09 (2893 turns).

Ijustatesigmund the Conjurer (Demonspawn Wizard)    Turns: 2893, Time: 00:10:09

Health: -1/35      AC:  3    Str:  7    XL:     5   Next: 21%
Magic:  3/9        EV: 12    Int: 21    God:
Gold:   205        SH:  0    Dex: 11    Spells: 4 memorised, 2 levels left

rFire  . . .     SeeInvis .     f - +1 dagger
rCold  . . .     Clarity  .     a - +0 robe
rNeg   . . .     SustAt   .     (no shield)
rPois  .         Gourm    .     b - +0 hat
rElec  .         Spirit   .     (no cloak)
rCorr  .         Warding  .     g - +0 pair of gloves
rMut   .         Stasis   .     (no boots)
MR     .....                    (no amulet)
Stlth  ++........               (no ring)
                                (no ring)

@: repel missiles, not resistant to hostile enchantments, unstealthy
A: antennae 2
a: no special abilities


You were on level 4 of the Dungeon.
You were hungry.

You visited 1 branch of the dungeon, and saw 4 of its levels.

You collected 205 gold pieces.

Inventory:

Hand Weapons
 f - a +1 dagger (weapon)
Missiles
 j - 13 poisoned needles
Armour
 a - a +0 robe (worn)
 b - a +0 hat (worn)
 g - a +0 pair of gloves (worn)
Scrolls
 e - a scroll of remove curse
 h - 6 scrolls of identify
Potions
 l - 3 potions of flight
 o - a potion of haste
Books
 c - a book of Minor Magic

   Spells                             Type                      Level
   a - Magic Dart                     Conjuration                  1
   b - Blink                          Translocation                2
   c - Call Imp                       Summoning                    2
   d - Repel Missiles                 Charms/Air                   2
   e - Slow                           Hexes                        2
   f - Conjure Flame                  Conjuration/Fire             3
   g - Mephitic Cloud                 Conjuration/Poison/Air       3
Comestibles
 d - 2 bread rations
 i - 2 fruits
 k - a slice of pizza
 n - a meat ration


   Skills:
 + Level 0.0 Fighting
 - Level 1.7 Dodging
 - Level 1.7 Stealth
 - Level 3.0 Spellcasting
 - Level 4.3 Conjurations
   Level 1.0 Summonings
 - Level 2.0 Translocations
 - Level 0.8 Air Magic
 - Level 0.6 Poison Magic


You had 2 spell levels left.
You knew the following spells:

 Your Spells              Type           Power        Failure   Level  Hunger
a - Magic Dart            Conj           ###.         1%          1    None
b - Blink                 Tloc           N/A          12%         2    ##.....
c - Repel Missiles        Chrm/Air       #.....       17%         2    ##.....
d - Mephitic Cloud        Conj/Pois/Air  ##......     21%         3    ###....


Dungeon Overview and Level Annotations

Branches:
Dungeon (4/15)
 Temple: D:4-7

Altars:
Fedhas

Annotations:
D:4 Menkaure


Innate Abilities, Weirdness & Mutations

You have a pair of antennae on your head.


Message History

Menkaure gestures at you while chanting.
Pain shoots through your body!
* * * LOW HITPOINT WARNING * * *
Casting: Magic Dart
Confirm with . or Enter, or press ? or * to list all spells.
Aiming: Magic Dart
Press: ? - help, Shift-Dir - straight line, f/p - Menkaure
Aim: Menkaure (moderately damaged)
The magic dart hits Menkaure.
Menkaure is heavily damaged.
Casting: Magic Dart
Confirm with . or Enter, or press ? or * to list all spells.
Aiming: Magic Dart
Press: ? - help, Shift-Dir - straight line, f/p - Menkaure
Aim: Menkaure (heavily damaged)
The magic dart hits Menkaure.
Menkaure is heavily damaged.
Menkaure casts a spell at you. Pain shoots through your body!
You die...

##.# ##... #.# #....
#.# #.... ### #.#
#.... ... #.# #....
#.########.# #.###
#####.......##.# #.#
.hM....@.....#.# #.#
#####..####..#.#####.#
#.. #..........# #..
#.....###### #..
####..# #.. #..# ...
#..# ..r #..# ...#


You could see Menkaure, a quokka (sleeping) and a jackal.

Vanquished Creatures
  7 gnolls
  5 adders
  3 worms (D:2)
  2 giant geckos
  5 goblins
  8 hobgoblins
  4 kobolds
  A quokka (D:4)
  2 ball pythons
  8 bats
  2 giant newts (D:1)
  5 rats
52 creatures vanquished.

Notes
Turn   | Place    | Note
--------------------------------------------------------------
     0 | D:1      | Ijustatesigmund the Demonspawn Wizard began the quest for the Orb.
     0 | D:1      | Reached XP level 1. HP: 13/13 MP: 4/4
   431 | D:1      | Gained mutation: You have a pair of small antennae on your head. [demonic ancestry]
   431 | D:1      | Reached XP level 2. HP: 17/19 MP: 4/6
  1048 | D:2      | Gained mutation: You have a pair of antennae on your head. [demonic ancestry]
  1048 | D:2      | Reached XP level 3. HP: 15/24 MP: 1/7
  1367 | D:2      | Learned a level 2 spell: Blink
  1370 | D:2      | Learned a level 2 spell: Repel Missiles
  1443 | D:2      | Reached skill level 1 in Translocations
  1561 | D:2      | Reached XP level 4. HP: 30/30 MP: 3/8
  1751 | D:2      | Learned a level 3 spell: Mephitic Cloud
  2044 | D:2      | Reached skill level 4 in Conjurations
  2386 | D:2      | Found a blossoming altar of Fedhas.
  2678 | D:3      | Reached XP level 5. HP: 35/35 MP: 4/9
  2776 | D:3      | Noticed an ice beast
  2887 | D:4      | Noticed Menkaure
  2893 | D:4      | Killed from afar by Menkaure

Action                   |  1- 3 |  4- 6 || total
-------------------------+-------+-------++-------
Melee: Dagger            |    21 |    18 ||    39
 Cast: Magic Dart        |    55 |    74 ||   129
       Repel Missiles    |     1 |       ||     1
  Use: Scroll            |     2 |     4 ||     6
       Potion            |       |     1 ||     1
 Stab: Sleeping          |     4 |     1 ||     5
  Eat: Chunk             |     2 |     3 ||     5
